 Dungeon Crawl Stone Soup version 0.29-a0-555-g3b24f45cc1 (webtiles) character file.

Game seed: 17465092846138997096

1021 vulpzor the Poker (level 8, -3/62 HPs)
             Began as a Merfolk Gladiator on June 8, 2022.
             Was an Elder of Zin.
             Slain by a gnoll
             ... wielding a +0 whip
              (6 damage)
             ... on level 5 of the Dungeon.
             The game lasted 00:20:53 (4728 turns).

vulpzor the Poker (Merfolk Gladiator)               Turns: 4728, Time: 00:20:54

Health: -3/62      AC:  8    Str: 14    XL:     8   Next: 22%
Magic:  10/10      EV: 13    Int: 12    God:    Zin [****..]
Gold:   232        SH:  0    Dex: 18    Spells: 9/9 levels left

rFire   . . .      SeeInvis .   k - +3 falchion (vorpal)
rCold   . . .      Faith    .   (no shield)
rNeg    . . .      Spirit   .   o - +1 ring mail "Cost" {Int+5}
rPois   .          Reflect  .   c - +0 helmet
rElec   .          Harm     .   (no cloak)
rCorr   .          Rampage  .   (no gloves)
Will    .....                   i - +0 pair of boots
Stlth   +.........              (no amulet)
HPRegen 0.20/turn               (no ring)
MPRegen 0.12/turn               (no ring)

@: no status effects
A: (nimble swimmer 2), mertail
a: Renounce Religion, Recite, Vitalisation, Imprison, Donate Gold


You were on level 5 of the Dungeon.
You worshipped Zin.
Zin was greatly pleased with you.
You visited 1 branch of the dungeon, and saw 5 of its levels.

You collected 257 gold pieces.
You donated 25 gold pieces to Zin.

Inventory:

Hand Weapons
 a - a +0 trident
 h - a +1 whip of holy wrath
 j - a +1 whip of pain
 k - a +3 vorpal falchion (weapon)
 n - a +2 short sword of flaming
 p - a +1 hand axe of venom
 r - a +0 whip of electrocution
Missiles
 d - 2 throwing nets (quivered)
 e - a javelin
Armour
 b - a +0 leather armour
 c - a +0 helmet (worn)
 f - a +0 ring mail
 g - a +0 scale mail
 i - a +0 pair of boots (worn)
 o - the +1 ring mail "Cost" (worn) {Int+5}
   (You found it on level 2 of the Dungeon)

   Int:       It affects your intelligence (+5).
 t - a +0 crystal plate armour
 A - a +0 plate armour
Wands
 s - a wand of polymorph (3)
 x - a wand of flame (15)
Scrolls
 l - a scroll of magic mapping {unknown}
 m - a scroll of teleportation
 q - a scroll of summoning {unknown}
 u - a scroll of poison {unknown}
 w - a scroll of vulnerability
 y - a scroll of identify {unknown}
Potions
 v - a potion of heal wounds {unknown}
 z - a potion of ambrosia


   Skills:
 * Level 5.0 Fighting
 * Level 4.0 Long Blades
 - Level 5.9(6.6) Polearms
 * Level 2.8(3.7) Staves
 + Level 3.2 Throwing
 - Level 0.5 Armour
 + Level 5.7 Dodging
 - Level 0.1 Stealth
 * Level 1.4 Spellcasting
 + Level 1.7 Necromancy
 - Level 0.6 Invocations


You had 9 spell levels left.
You didn't know any spells.
Your spell library contained the following spells:

 Spells                   Type           Power      Damage    Failure   Level
 Tukima's Dance           Hex            0%         N/A       87%         3
 Passage of Golubria      Tloc           0%         N/A       99%         4
 Yara's Violent Unravell  Hex/Tmut       0%         3d3       100%        5


Dungeon Overview and Level Annotations

Branches:
Dungeon (5/15)             Temple (0/1) D:5

Altars:
Cheibriados
Zin

Shops:
D:1 *

Annotations:
D:5 Prince Ribbit


Innate Abilities, Weirdness & Mutations

((You are very nimble when in or above water. (Stealth+, EV+, Speed+++)))
Your lower body shifts to a powerful aquatic tail in water.


Message History

You kill the orc!
Prince Ribbit says, "You're just another fly to me."
Prince Ribbit hits you!
You miss Prince Ribbit.
Prince Ribbit blinks!
You hit the jelly.
Your hands burn!
The jelly is moderately wounded.
Prince Ribbit blinks!
The jelly hits you.
You are splashed with acid!
You hit the jelly.
Your hands burn!
* * * LOW HITPOINT WARNING * * *
The jelly is severely wounded.
The jelly barely misses you.
Prince Ribbit blinks!
You slash the jelly!
You kill the jelly!
You pay a tithe of 1 gold.
You now have 232 gold pieces (gained 14).
Items here: ( ) [ ††.
Okay, then.
Okay, then.
A gnoll and an ice beast come into view.
A gnoll sergeant comes into view. It is wielding a +0 trident.
The gnoll sergeant shouts!
Prince Ribbit blinks! x2
You barely miss Prince Ribbit. Prince Ribbit completely misses you.
Prince Ribbit hits you!
* * * LOW HITPOINT WARNING * * *
Prince Ribbit hits you.
* * * LOW HITPOINT WARNING * * *
Prince Ribbit blinks!
Prince Ribbit lets out a mournful croak.
Prince Ribbit blinks!
Prince Ribbit blinks!
The gnoll sergeant hits you but does no damage.
The gnoll sergeant hits you from afar with a +0 trident.
* * * LOW HITPOINT WARNING * * *
Prince Ribbit blinks!
Prince Ribbit blinks!
The gnoll sergeant hits you from afar with a +0 trident.
* * * LOW HITPOINT WARNING * * *
The gnoll attacks as you move away! The gnoll hits you with a +0 whip.
You die...

#..##......>.##
##...P..###..##
#...PP..##..##
#.#..>.....## .
#........###
..##....P...#
#....##.#..##
.....##...### .g
.......@....### .
.#.....g###...### . .
...###.gF####...# .#.#
.####..Y...####)####....
#....##.#.####......#.#
....##..................
.... #..............$#.#
..# #..................
.# #...............#.#


You could see Prince Ribbit, an ice beast, a gnoll sergeant and a gnoll.

Vanquished Creatures
  2 black bears
  An ogre (D:5)
  2 phantoms
  A necrophage (D:4)
  Blork the orc (D:5)
  A scorpion (D:4)
  A hound (D:5)
  2 jellies (D:5)
  An orc priest (D:2)
  Ijyb (D:3)
  3 orc wizards
  9 adders
  3 gnolls (D:3)
  A worm (D:2)
  4 dart slugs
  9 orcs
  11 ball pythons
  8 endoplasms
  3 giant cockroaches (D:1)
  6 goblins
  10 hobgoblins
  2 quokkas
  8 bats
  4 frilled lizards
  9 kobolds
  8 rats
111 creatures vanquished.

Vanquished Creatures (others)
  A fungus (D:1)
  5 plants
6 creatures vanquished.

Grand Total: 117 creatures vanquished

Notes
Turn   | Place    | Note
-------+----------+-------------------------------------------
     0 | D:1      | vulpzor the Merfolk Gladiator began the quest for the Orb.
     0 | D:1      | Reached XP level 1. HP: 16/16 MP: 1/1
   129 | D:1      | Reached XP level 2. HP: 14/22 MP: 2/2
   321 | D:1      | Found Emiwynk's Assorted Antiques.
   567 | D:1      | Found a faded altar of an unknown god.
   589 | D:1      | Prayed at the altar of an unknown god.
   589 | D:1      | Became a worshipper of Zin the Law-Giver
   589 | D:1      | Reached * piety under Zin
   621 | D:1      | Reached XP level 3. HP: 28/28 MP: 3/3
   942 | D:1      | Reached skill level 5 in Polearms
  1164 | D:2      | Zin protects you from harm!
  1170 | D:2      | Reached XP level 4. HP: 5/34 MP: 4/4
  1246 | D:2      | Reached ** piety under Zin
  1621 | D:2      | Identified the +1 ring mail "Cost" {Int+5}
  1624 | D:2      | Reached XP level 5. HP: 39/39 MP: 5/5
  1985 | D:3      | Found a snail-covered altar of Cheibriados.
  2129 | D:3      | Reached *** piety under Zin
  2191 | D:3      | Reached skill level 1 in Long Blades
  2296 | D:3      | Reached skill level 1 in Staves
  2780 | D:3      | Noticed Ijyb
  2805 | D:3      | Killed Ijyb
  2806 | D:3      | Reached XP level 6. HP: 38/47 MP: 6/6
  3177 | D:4      | Reached skill level 5 in Dodging
  3342 | D:4      | Reached skill level 1 in Necromancy
  3579 | D:4      | Reached XP level 7. HP: 54/54 MP: 7/7
  4012 | D:5      | Entered Level 5 of the Dungeon
  4012 | D:5      | Noticed Blork the orc
  4023 | D:5      | Killed Blork the orc
  4070 | D:4      | HP: 2/55 [orc/+0 hand axe (1)]
  4264 | D:5      | Reached skill level 1 in Spellcasting
  4271 | D:5      | Reached XP level 8. HP: 16/61 MP: 7/9
  4662 | D:5      | Found a staircase to the Ecumenical Temple.
  4683 | D:5      | Noticed Prince Ribbit
  4695 | D:5      | Reached skill level 5 in Fighting
  4704 | D:5      | Reached **** piety under Zin
  4725 | D:5      | HP: 2/62 [gnoll sergeant/+0 trident (4)]
  4728 | D:5      | Slain by a gnoll

Illustrated notes

Levels and vault maps discovered:
D:1:      dpeg_arrival_more_subterranean_lakeside_camping, layout_basic,
          shapermc_ecumenical_altar_ellora, serial_shops,
          nicolae_shop_advertising_works [nicolae_subvault_shop_adworks]
D:2:      layout_basic
D:3:      layout_basic, cheibriados_altar_1, uniq_ijyb
D:4:      layout_basic
D:5:      layout_rooms, minmay_temple_entry_overgrown, serial_shops, shop,
          st_stairs_10, hangedman_abyss_or_decor_stagger, serial_bayou_pond_a,
          uniq_prince_ribbit1, uniq_blork_the_orc

Skill      XL: |  1  2  3  4  5  6  7  8 |
---------------+-------------------------+-----
Polearms       | 5 |  5.9
Fighting       | 3 4 5 |  5.0
Long Blades    | 1 2 3 4 |  4.0
Staves         | 1 2 |  2.8
Dodging        | 5 |  5.7
Necromancy     | 1 |  1.7
Throwing       | 3 |  3.2
Spellcasting   | 1 |  1.4
Armour         | |  0.5
Stealth        | |  0.1
Invocations    | |  0.6

Action                   |  1- 3 |  4- 6 |  7- 9 || total
-------------------------+-------+-------+-------++-------
Melee: Trident           |    87 |     7 |       ||    94
       Punch             |     1 |     2 |       ||     3
       Falchion          |       |   148 |    97 ||   245
       Unarmed           |       |    11 |       ||    11
       Tailslap          |       |       |     2 ||     2
Throw: Throwing net      |     1 |       |       ||     1
Invok: Recite            |     1 |       |       ||     1
  Use: Scroll            |     1 |     2 |     1 ||     4
       Potion            |       |     1 |     3 ||     4
 Stab: Confused          |     1 |       |       ||     1
       Sleeping          |       |     1 |       ||     1
Armor: Ring mail         |    36 |    75 |    65 ||   176
       Leather armour    |     1 |       |       ||     1
       Skin              |       |     4 |       ||     4
Dodge: Dodged            |    57 |   119 |    82 ||   258

Table legend: (Time is in decaauts)
 A = Elapsed time spent in this place.
 B = Non-inter-level travel time spent in this place.
 C = Inter-level travel time spent in this place.
 D = Time resting spent in this place.
 E = Time spent auto-exploring this place.
 F = Levels seen in this place.
 G = Mean time per level.
                   A        B        C        D        E       F      G
               +--------+--------+--------+--------+--------+-----+--------+
         Total |   4769 |   4769 |      0 |    575 |   2562 |   5 |  953.8 |
       Dungeon |   4769 |   4769 |      0 |    575 |   2562 |   5 |  953.8 |
               +--------+--------+--------+--------+--------+-----+--------+

Top non-repeatable levels by time:
     D:3: 1143 daAuts
     D:4: 1142 daAuts
     D:1: 1129 daAuts
     D:2: 815 daAuts
     D:5: 539 daAuts
